 Dungeon Crawl Stone Soup version 0.15-a0-2232-g756d4b8 (webtiles) character file.

1 MackTheKnife the Digger (level 1, 0/10 HPs)
             Began as a Gargoyle Earth Elementalist on July 25, 2014.
             Slain by a bat (1 damage)
             ... on Level 1 of the Dungeon.
             The game lasted 00:00:59 (137 turns).

MackTheKnife the Digger (GrEE)                       Turns: 137, Time: 00:00:59

HP   0/10        AC  4     Str 11      XL: 1   Next: 20%
MP   0/3         EV 12     Int 15      God:
Gold 18          SH  0     Dex 10      Spells:  1 memorised,  3 levels left

rFire  . . .     SeeInvis .     (no weapon)
rCold  . . .     Clarity  .     c - +0 robe
rNeg   + . .     rCorr    .     (no shield)
rPois  +         rRot     +     (no helmet)
rElec  +         Spirit   .     (no cloak)
SustAb .         Warding  .     (no gloves)
rMut   .         Stasis   .     (no boots)
Gourm  .                        (no amulet)
MR     .....                    (no ring)
                                (no ring)

@: very slightly contaminated, not resistant to hostile enchantments, unstealthy
A: negative energy resistance 1, electricity resistance, unbreathing,
petrification resistance, rot immunity, AC +2
a: no special abilities


You were on level 1 of the Dungeon.
You were not hungry.

You visited 1 branch of the dungeon, and saw 1 of its levels.

You collected 18 gold pieces.


Innate Abilities, Weirdness & Mutations

You are resistant to torment.
You are immune to poison.
Your stone body is very resilient (AC +2).
You resist negative energy.
You are resistant to electric shocks.
You can survive without breathing.
You are immune to petrification.
You are immune to rotting.


   Skills:
 - Level 1.5 Dodging
 - Level 2.1 Stealth
 + Level 2.0 Spellcasting
   Level 0.7 Transmutations
 + Level 3.7 Earth Magic


You had 3 spell levels left.
You knew the following spells:

 Your Spells              Type           Power        Failure   Level  Hunger
z - Sandblast             Erth           ##....       6%          1    #......

Inventory:

Missiles
 b - 20 stones (quivered)
Armour
 c - a +0 robe (worn)
Comestibles
 a - a bread ration
Scrolls
 e - a scroll of fear {unknown}
Books
 d - a book of Geomancy

   Spells                             Type                      Level
   *Sandblast                         Earth                        1
   Stoneskin                          Transmutation/Earth          2
   Passwall                           Transmutation/Earth          3
   Stone Arrow                        Conjuration/Earth            3
   Petrify                            Transmutation/Earth          4
   Lee's Rapid Deconstruction         Earth                        5

▒···▒ ▒···▒
▒▒▒▒▒▒▒▒▒▒▒▒▒▒▒▒▒▒···▒
·······················
········▒····▒▒▒▒▒▒▒▒▒▒▒
········▒····▒
········[····▒
▒····g······▒
▒·!···9·····▒
·······)b·····▒
·············▒
·········!▒▒▒▒
··········· ····▒▒▒▒▒·▒
··· ·· ·· ▒·


You could see a hobgoblin and a bat.


Message History

The hobgoblin is severely wounded.
The bat closely misses you. The bat barely misses you. The hobgoblin hits you.
* * * LOW HITPOINT WARNING * * *
You closely miss the hobgoblin.
The hobgoblin is heavily wounded.
The bat hits you.
* * * LOW HITPOINT WARNING * * *
The bat barely misses you. The hobgoblin barely misses you.
You closely miss the hobgoblin.
The hobgoblin is heavily wounded.
The bat hits you but does no damage. The hobgoblin hits you.
* * * LOW HITPOINT WARNING * * *
Aiming: Sandblast
Aim: a hobgoblin (heavily wounded)
You miscast Sandblast.
You are very lightly contaminated with residual magic.
You feel gritty. The bat hits you but does no damage.
The bat hits you but does no damage. The hobgoblin closely misses you.
You don't have enough magic to cast that spell.
You don't have enough magic to cast that spell.
You hit the hobgoblin.
The hobgoblin is severely wounded.
The bat hits you but does no damage. The hobgoblin closely misses you.
You hit the hobgoblin but do no damage.
The hobgoblin is severely wounded.
The bat closely misses you. The hobgoblin closely misses you.
You barely miss the hobgoblin.
The hobgoblin is severely wounded.
The bat hits you.
You die...

Action                   || total
-------------------------++-------
Melee: Unarmed           ||    15
 Cast: Sandblast         ||     3

Vault maps used:
D:1:      evilmike_arrival_hilbert_curve

Notes
Turn   | Place    | Note
--------------------------------------------------------------
     0 | D:1      | MackTheKnife, the Gargoyle Earth Elementalist, began the quest for the Orb.
     0 | D:1      | Reached XP level 1. HP: 10/10 MP: 3/3
   133 | D:1      | HP: 1/10 [hobgoblin (3)]
   137 | D:1      | Slain by a bat

Vanquished Creatures
  A giant newt (D:1)
  A kobold (D:1)
2 creatures vanquished.
